 Dungeon Crawl Stone Soup version 0.32-a0-411-g744942f433 (console) character file.

Game seed: 14672464815778798420

9 zenocrate the Sneak (level 2, 24/24 HPs)
             Began as a Demonspawn Delver on Feb 20, 2024.
             Quit the game on level 4 of the Dungeon.
             The game lasted 00:01:03 (116 turns).

zenocrate the Sneak (Demonspawn Delver)              Turns: 116, Time: 00:01:03

Health: 24/24      AC:  3    Str: 12    XL:     2   Next: 3%
Magic:  2/2        EV: 11    Int: 10    God:
Gold:   8          SH:  0    Dex: 14    Spells: 1/1 levels left

rFire   . .          .
                       - Unarmed
rCold   . . .        (no shield)
rNeg    . . .        a - +0 leather armour
rPois   .            (helmet restricted)
rElec   .            (no cloak)
rCorr   .            (no gloves)
SInv    .            (no boots)
Will    .....        (no amulet)
Stlth   ++           (no ring)
HPRegen 0.24/turn    (no ring)
MPRegen 0.08/turn

%: no passive effects
@: no status effects
A: antennae 1
a: no special abilities


You were on level 4 of the Dungeon.
You visited 1 branch of the dungeon, and saw 2 of its levels.

You collected 8 gold pieces.

Inventory:

Armour
 a - a +0 leather armour (worn)
Wands
 f - a wand of digging (3)
Scrolls
 b - a scroll of fog
 c - a scroll of enchant weapon {unknown}
 d - a scroll of fear
Potions
 e - a potion of haste


   Skills:
 - Level 3.0 Fighting
 - Level 1.7 Dodging
 - Level 4.5 Stealth
 + Level 2.5 Unarmed Combat


You had one spell level left.
You didn't know any spells.
Your spell library was empty.

Dungeon Overview and Level Annotations

Branches:
Dungeon (5/15)
 Temple: D:4-7

Altars:


Innate Abilities, Weirdness & Mutations

You have a pair of small antennae on your head.


Message History

The giant cockroach bites you but does no damage.
You hit the giant cockroach.
The giant cockroach is severely wounded.
The giant cockroach misses you.
You hit the giant cockroach.
You kill the giant cockroach!
No target in view!
No target in view!
c - a scroll labelled VYETYIR OKKUJY A giant cockroach comes into view.
Found a hand axe.
The giant cockroach waves its antennae.
Found a stone staircase leading up.
The giant cockroach attacks as it pursues you!
The giant cockroach bites you but does no damage.
The giant cockroach bites you but does no damage.
The giant cockroach bites you but does no damage.
You see here a +0 hand axe.
You hit the giant cockroach.
The giant cockroach is almost dead.
The giant cockroach bites you but does no damage.
You barely miss the giant cockroach.
The giant cockroach is almost dead.
The giant cockroach bites you but does no damage.
You closely miss the giant cockroach.
The giant cockroach is almost dead.
The giant cockroach bites you.
You barely miss the giant cockroach. Your punch misses the giant cockroach.
The giant cockroach is almost dead.
The giant cockroach bites you but does no damage.
You hit the giant cockroach but do no damage.
The giant cockroach is almost dead.
The giant cockroach completely misses you.
You hit the giant cockroach.
You kill the giant cockroach!
You hear the slow hiss of an avalanche of sand.
You have reached level 2!
Your demonic ancestry asserts itself...
A pair of antennae grows on your head!
Are you sure you want to abandon this character and quit the game? (Confirm with "yes".)

#..................
###..................
#....................
#........####........
#..#####.# #........
##.#,,,#.# #........
#.#,∩,#.# #........
##.#,,,#.# #.......#
#..##+##.# #.......#
#........# #########
#...@..### ######<#
**#


There were no monsters in sight!

Vanquished Creatures
  An orc (D:4)
  2 giant cockroaches (D:4)
  A hobgoblin (D:4)
4 creatures vanquished.

Notes
Turn   | Place    | Note
-------+----------+-------------------------------------------
     0 | D:5      | zenocrate the Demonspawn Delver began the quest for the
                  | Orb.
     0 | D:5      | Reached XP level 1. HP: 18/18 MP: 1/1
   116 | D:4      | Gained mutation: You have a pair of small antennae on your
                  | head. [demonic ancestry]
   116 | D:4      | Reached XP level 2. HP: 24/24 MP: 2/2
   116 | D:4      | Quit the game

Illustrated notes

Levels and vault maps discovered:
D:4:      layout_basic, enter_ossuary_2
D:5:      nicolae_cairo_tiling_very_big, layout_gridville,
          mainiacjoe_overflow_alcove_4, nicolae_dithmenos_the_darkroom,
          minmay_temple_entry_trees, minivault_5, chequers_serial_rivers_marsh,
          hellmonk_no_cap

Skill      XL: |  1 |
---------------+----+-----
Unarmed Combat | 2 |  2.5
Fighting       | |  3.0
Dodging        | |  1.7
Stealth        | |  4.5

Action                     || total
---------------------------++-------
  Melee: Unarmed           ||    23
    Use: Scroll            ||     1
 Armour: Leather armour    ||    13
  Dodge: Dodged            ||    10

Table legend: (Time is in decaauts)
 A = Elapsed time spent in this place.
 B = Non-inter-level travel time spent in this place.
 C = Inter-level travel time spent in this place.
 D = Time resting spent in this place.
 E = Time spent auto-exploring this place.
 F = Levels seen in this place.
 G = Mean time per level.
                   A        B        C        D        E       F      G
               +--------+--------+--------+--------+--------+-----+--------+
         Total |    114 |    114 |      0 |     13 |      8 |   2 |   57.0 |
       Dungeon |    114 |    114 |      0 |     13 |      8 |   2 |   57.0 |
               +--------+--------+--------+--------+--------+-----+--------+

Top non-repeatable levels by time:
     D:4: 100 daAuts
     D:5: 14 daAuts
